 Dungeon Crawl Stone Soup version 0.27-a0-906-g0a00ce863d (webtiles) character file.

Game seed: 10653695380632585143

11 Alarkh the Insei (level 2, -1/22 HPs)
             Began as a Demonspawn Gladiator on Apr 6, 2021.
             Slain by a goblin
             ... wielding a +0 club
              (2 damage)
             ... on level 1 of the Dungeon.
             The game lasted 00:00:30 (223 turns).

Alarkh the Insei (Demonspawn Gladiator)              Turns: 223, Time: 00:00:31

Health: -1/22      AC:  3    Str: 14    XL:     2   Next: 13%
Magic:  2/2        EV: 12    Int:  9    God:
Gold:   13         SH:  0    Dex: 14    Spells: 1/1 levels left

rFire    . . .     SeeInvis .     - Unarmed
rCold    . . .     Faith    .   (no shield)
rNeg     . . .     Spirit   .   a - +0 leather armour
rPois    .         Reflect  .   (helmet restricted)
rElec    .         Harm     .   (no cloak)
rCorr    .         Rampage  .   (no gloves)
Will     .....                  (no boots)
Stlth    +.........             (no amulet)
HPRegen  0.07/turn              (no ring)
MPRegen  0.08/turn              (no ring)

@: no status effects
A: antennae 1
a: no special abilities


You were on level 1 of the Dungeon.
You visited 1 branch of the dungeon, and saw 1 of its levels.

You collected 13 gold pieces.

Inventory:

Missiles
 c - 3 throwing nets (quivered)
Armour
 a - a +0 leather armour (worn)
 b - a +0 helmet
Scrolls
 d - a scroll of teleportation {unknown}
Potions
 e - a potion of invisibility {unknown}
 f - a potion of magic {unknown}


   Skills:
 + Level 2.3 Fighting
 - Level 1.7 Throwing
 - Level 2.6 Dodging
 * Level 3.1 Unarmed Combat


You had one spell level left.
You didn't know any spells.
Your spell library was empty.

Dungeon Overview and Level Annotations

Branches:
Dungeon (1/15)

Altars:


Innate Abilities, Weirdness & Mutations

You have a pair of small antennae on your head.


Message History

No target in view!
(D) Dungeon
Where to? (Enter - D:1 @ (x,y), ? - help)
A goblin is nearby!
You can't go up here!
You barely miss the goblin. The goblin hits you with a +0 club.
You are too injured to fight recklessly!
You are too injured to fight recklessly!
You are too injured to fight recklessly!
You are too injured to fight recklessly!
You are too injured to fight recklessly!
You are too injured to fight recklessly!
You are too injured to fight recklessly!
You are too injured to fight recklessly!
You are too injured to fight recklessly!
You are too injured to fight recklessly!
You are too injured to fight recklessly!
You are too injured to fight recklessly!
You closely miss the goblin. The goblin hits you with a +0 club.
You barely miss the goblin. The goblin closely misses you.
You closely miss the goblin. The goblin misses you.
You closely miss the goblin. The goblin hits you with a +0 club.
You barely miss the goblin. You barely miss the goblin.
The goblin barely misses you.
You hit the goblin but do no damage. The goblin hits you with a +0 club.
* * * LOW HITPOINT WARNING * * *
You hit the goblin.
The goblin is moderately wounded.
The goblin closely misses you.
You closely miss the goblin.
The goblin is moderately wounded.
The goblin hits you with a +0 club.
* * * LOW HITPOINT WARNING * * *
You hit the goblin but do no damage.
The goblin is moderately wounded.
The goblin barely misses you.
You closely miss the goblin.
The goblin is moderately wounded.
The goblin hits you with a +0 club.
You die...

#..........# #......##.........
...........# #...#..##.#..#....
#..........# #.................
#..........#####†......#.........
#.....[.............#>##.#..#....
#..........#####.....###.........
+......................#.........
...........#####............##...
..###.###### #@#...###.......#.
..###.# #g#...# #.........
......# #.#.............#.
......# #.#.#.##......#...
......####.# ............#.....
...........# ###...#...#....##.
.....#####.# .. ...#...... .....#
.....#


You could see a goblin.

Vanquished Creatures
  3 ball pythons (D:1)
  A goblin (D:1)
  A hobgoblin (D:1)
  A quokka (D:1)
  A bat (D:1)
  A kobold (D:1)
  2 rats (D:1)
10 creatures vanquished.

Notes
Turn   | Place    | Note
-------+----------+-------------------------------------------
     0 | D:1      | Alarkh the Demonspawn Gladiator began the quest for the
                  | Orb.
     0 | D:1      | Reached XP level 1. HP: 16/16 MP: 1/1
   139 | D:1      | Reached skill level 3 in Unarmed Combat
   168 | D:1      | Gained mutation: You have a pair of small antennae on your
                  | head. [demonic ancestry]
   168 | D:1      | Reached XP level 2. HP: 19/22 MP: 2/2
   221 | D:1      | HP: 1/22 [goblin/+0 club (3)]
   223 | D:1      | Slain by a goblin

Illustrated notes

Levels and vault maps discovered:
D:1:      minmay_arrival_jagged, layout_basic, hangedman_decor_peaks_small

Skill      XL: |  1 |
---------------+----+-----
Unarmed Combat | 3 |  3.1
Fighting       | |  2.3
Throwing       | |  1.7
Dodging        | |  2.6

Action                   || total
-------------------------++-------
Melee: Unarmed           ||    39
       Punch             ||     1
Armor: Leather armour    ||    12
Dodge: Dodged            ||    19

Table legend: (Time is in decaauts)
 A = Elapsed time spent in this place.
 B = Non-inter-level travel time spent in this place.
 C = Inter-level travel time spent in this place.
 D = Time resting spent in this place.
 E = Time spent auto-exploring this place.
 F = Levels seen in this place.
 G = Mean time per level.
                   A        B        C        D        E       F      G
               +--------+--------+--------+--------+--------+-----+--------+
         Total |    220 |    192 |     28 |      0 |    128 |   1 |  220.0 |
       Dungeon |    220 |    192 |     28 |      0 |    128 |   1 |  220.0 |
               +--------+--------+--------+--------+--------+-----+--------+

Top non-repeatable levels by time:
     D:1: 220 daAuts
